 Dungeon Crawl Stone Soup version 0.29.0-11-gd7f09526c8 (webtiles) character file.

Game seed: 12041243341591585523

553 Arum the Trooper (level 7, -14/57 HPs)
             Began as a Formicid Fighter on Sept 5, 2022.
             Demolished by an ogre
             ... wielding a +0 giant spiked club
              (18 damage)
             ... on level 5 of the Dungeon.
             The game lasted 00:05:51 (4096 turns).

Arum the Trooper (Formicid Fighter)                 Turns: 4096, Time: 00:05:52

Health: -14/57     AC:  9    Str: 23    XL:     7   Next: 55%
Magic:  7/7        EV: 13    Int:  7    God:
Gold:   207        SH:  5    Dex: 13    Spells: 6/6 levels left

rFire   . . .      SeeInvis +   p - +4 quarterstaff (chaos)
rCold   . . .      Faith    .   c - +0 buckler
rNeg    + . .      Spirit   .   b - +0 scale mail
rPois   .          Reflect  .   (helmet unavailable)
rElec   .          Harm     .   d - +1 cloak of Starlight {*Dazzle EV+4 Stlth--}
rCorr   .          Rampage  .   (no gloves)
Will    .....                   (no boots)
Stlth   ..........              h - amulet of magic regeneration
HPRegen 0.19/turn               r - ring of positive energy
MPRegen 0.50/turn               (no ring)

@: no status effects
A: permanent stasis, dig shafts and tunnels, antennae 3, four strong arms
a: Dig, Shaft Self


You were on level 5 of the Dungeon.
You visited 1 branch of the dungeon, and saw 5 of its levels.

You collected 207 gold pieces.

Inventory:

Hand Weapons
 a - a +0 flail
 p - a +4 quarterstaff of chaos (weapon)
Armour
 b - a +0 scale mail (worn)
 c - a +0 buckler (worn)
 d - the +1 cloak of Starlight (worn) {*Dazzle EV+4 Stlth--}
   (You found it on level 4 of the Dungeon)

   It may blind those who miss an attack against the wearer in melee combat.
   EV:        It affects your evasion (+4).
   Stlth:     It makes you much less stealthy.
Jewellery
 h - an amulet of magic regeneration (around neck)
 r - a ring of positive energy (left hand)
 s - a ring of fire
Scrolls
 f - a scroll of teleportation {unknown}
 k - 3 scrolls of identify {unknown}
 m - a scroll of enchant armour {unknown}
Potions
 e - a potion of invisibility {unknown}
 g - a potion of berserk rage {unknown}
 i - a potion of lignification {unknown}
 j - 2 potions of heal wounds {unknown}
 l - 2 potions of degeneration {unknown}
 n - 3 potions of curing {unknown}
 o - a potion of flight {unknown}
 q - a potion of might


   Skills:
 + Level 5.8 Fighting
 - Level 3.2(3.9) Maces & Flails
 + Level 3.1(3.8) Staves
 + Level 5.8 Armour
 - Level 4.0 Shields


You had 6 spell levels left.
You didn't know any spells.
Your spell library contained the following spells:

 Spells                   Type           Power      Damage    Failure   Level
 Foxfire                  Conj/Fire      0%         2x1d4     80%         1
 Freezing Cloud           Conj/Ice/Air   0%         6-21      100%        5
 Lee's Rapid Deconstruct  Erth           0%         3d5*      100%        5
 Simulacrum               Ice/Necr       0%         N/A       100%        6
 Polar Vortex             Ice            0%         N/A       100%        9


Dungeon Overview and Level Annotations

Branches:
Dungeon (5/15)
 Temple: D:4-7

Altars:
Fedhas


Innate Abilities, Weirdness & Mutations

You cannot be hasted, slowed, berserked, paralysed or teleported.
You can dig through walls and to a lower floor.
You have a pair of large antennae on your head. (SInv)
Your four strong arms can wield two-handed weapons with a shield.


Message History

The gnoll throws a stone.
You block the stone.
The gnoll throws a stone.
The stone hits you.
You barely miss the gnoll.
An ogre comes into view. It is wielding a +0 giant spiked club.
The gnoll misses you.
You hit the gnoll.
You feel better.
The gnoll is moderately wounded.
The gnoll closely misses you.
The gnoll's vision is obscured by starry radiance!
You block the gnoll's attack.
You sock the gnoll!
The gnoll seems to speed up.
The gnoll is almost dead.
You block the gnoll's attack. You block the gnoll's attack. x2
You climb upwards.
There is a stone staircase leading down here.
A gnoll is nearby!
You thump the gnoll!
You kill the gnoll!
You start resting.
HP restored.
You climb downwards.
The ogre hits you with a +0 giant spiked club!!
There is a stone staircase leading up, spattered with blood here.
Unknown command.
You hit the ogre.
The ogre is lightly wounded.
The ogre hits you with a +0 giant spiked club!!
* * * LOW HITPOINT WARNING * * *
Unknown command.
Okay, then.
You hit the ogre but do no damage.
The ogre is lightly wounded.
You barely miss the ogre.
The ogre is lightly wounded.
The ogre closely misses you.
You barely miss the ogre.
The ogre is lightly wounded.
The ogre hits you with a +0 giant spiked club!!
You die...

### ..###
....# ##...
## #()#
####..#O)#
#......@.#
..........#
...#..(...#
.. #......#
#.<.....
##.#..##.
#.#... ..
####.. ..


You could see an ogre.

Vanquished Creatures
  An ice beast (D:4)
  A centaur (D:4)
  A scorpion (D:4)
  A hound (D:4)
  Crazy Yiuf (D:2)
  An orc priest (D:3)
  Jessica (D:2)
  A gnoll bouda (D:4)
  6 gnolls
  4 adders
  A white imp (D:5)
  2 worms (D:2)
  2 dart slugs
  7 orcs
  4 bats
  7 endoplasms
  3 giant cockroaches
  9 goblins
  2 hobgoblins
  3 kobolds
  4 quokkas
  8 ball pythons
  3 frilled lizards
  4 rats
77 creatures vanquished.

Notes
Turn   | Place    | Note
-------+----------+-------------------------------------------
     0 | D:1      | Arum the Formicid Fighter began the quest for the Orb.
     0 | D:1      | Reached XP level 1. HP: 18/18 MP: 1/1
   238 | D:1      | Reached XP level 2. HP: 18/24 MP: 2/2
   727 | D:2      | Got the Catalogue of Striking and Grit
   770 | D:2      | Noticed Jessica
   775 | D:2      | Killed Jessica
   776 | D:2      | Reached XP level 3. HP: 19/30 MP: 3/3
  1093 | D:2      | Reached XP level 4. HP: 29/37 MP: 4/4
  1792 | D:2      | Found a runed translucent door.
  1793 | D:2      | Noticed Crazy Yiuf
  1802 | D:2      | Killed Crazy Yiuf
  1803 | D:2      | Reached XP level 5. HP: 34/43 MP: 5/5
  2007 | D:3      | Found a faded altar of an unknown god.
  2008 | D:3      | Noticed a great orb of eyes
  2011 | D:3      | Noticed a great orb of eyes
  2011 | D:3      | Noticed a floating eye
  2011 | D:3      | Noticed a floating eye
  2024 | D:3      | Prayed at the altar of an unknown god.
  2024 | D:3      | Became a worshipper of Fedhas Madash
  2024 | D:3      | Reached * piety under Fedhas
  2025 | D:3      | Fell from the grace of Fedhas
  3079 | D:4      | Noticed a centaur
  3090 | D:4      | Killed a centaur
  3091 | D:4      | Reached skill level 1 in Staves
  3091 | D:4      | Reached XP level 6. HP: 15/50 MP: 6/6
  3275 | D:4      | Reached skill level 5 in Armour
  3414 | D:4      | Noticed an ice beast
  3427 | D:4      | Reached skill level 5 in Fighting
  3580 | D:4      | Killed an ice beast
  3581 | D:4      | Reached XP level 7. HP: 54/56 MP: 7/7
  3590 | D:4      | Found the +1 cloak of Starlight {*Dazzle EV+4 Stlth--}
  3927 | D:5      | Entered Level 5 of the Dungeon
  4096 | D:5      | Demolished by an ogre

Illustrated notes

Levels and vault maps discovered:
D:1:      dpeg_arrival_rooms_b, layout_loops_ring, moated_statue,
          hangedman_decor_push
D:2:      minmay_general_purpose_star, layout_loops_ring,
          uniq_crazy_yiuf_cottage, uniq_jessica
D:3:      layout_loops_ring, hellmonk_ecumenical_altar_watching_god,
          grunt_decor_cap, corexii_hall_statues_x
D:4:      minmay_clustersquares, layout_rooms
D:5:      layout_cave_pools, serial_shops, shop, ebering_ghost_rock_garden,
          uniq_duvessa

Skill      XL: |  1  2  3  4  5  6  7 |
---------------+----------------------+-----
Armour         | 4 5 |  5.8
Fighting       | 4 5 |  5.8
Maces & Flails | 3 |  3.2
Staves         | 1 2 3 |  3.1
Shields        | |  4.0

Action                   |  1- 3 |  4- 6 |  7- 9 || total
-------------------------+-------+-------+-------++-------
Melee: Flail             |    46 |    41 |       ||    87
       Quarterstaff      |       |    65 |    37 ||   102
Invok: Renounce Religion |       |     1 |       ||     1
 Abil: Dig               |     1 |     2 |       ||     3
  Use: Scroll            |       |     1 |       ||     1
       Potion            |       |     1 |       ||     1
Armor: Scale mail        |    13 |    52 |     9 ||    74
Dodge: Dodged            |    18 |    56 |    15 ||    89
Block: Buckler           |    15 |    32 |    11 ||    58
